 Dungeon Crawl Stone Soup version 0.28.0-49-g6dfe1f597d (webtiles) character file.

Game seed: 11255017971577262270

14137 pesado the Destroyer (level 11, -17/74 HPs)
             Began as a White Draconian Conjurer on May 19, 2022.
             Was a Follower of Sif Muna.
             Killed from afar by Azrael (48 damage)
             ... with a bolt of fire
             ... on level 12 of the Dungeon.
             The game lasted 00:35:36 (16522 turns).

pesado the Destroyer (White Draconian Conjurer)    Turns: 16522, Time: 00:35:37

Health: -17/74     AC: 12    Str:  9    XL:     11   Next: 84%
Magic:  14/34      EV: 12    Int: 23    God:    Sif Muna [*.....]
Gold:   192        SH:  0    Dex: 10    Spells: 13/31 levels left

rFire   . . .      SeeInvis .   F - +5 long sword (holy)
rCold   + . .      Faith    .   (no shield)
rNeg    . . .      Spirit   .   (armour unavailable)
rPois   .          Reflect  .   (helmet restricted)
rElec   .          Harm     .   (no cloak)
rCorr   .          Rampage  .   (no gloves)
Will    .....                   u - +0 pair of boots
Stlth   ++........              m - amulet of magic regeneration
HPRegen 0.22/turn               i - +4 ring of protection
MPRegen 0.64/turn               r - ring of magical power

@: short of breath
A: breathe frost, AC +7, unfitting armour, cold resistance 1, cold-blooded
a: Breathe Frost, Renounce Religion, Channel Magic


You were on level 12 of the Dungeon.
You worshipped Sif Muna.
Sif Muna was aware of your devotion.
You visited 2 branches of the dungeon, and saw 13 of its levels.

You collected 704 gold pieces.
You spent 512 gold pieces at shops.

Inventory:

Hand Weapons
 a - a +1 dagger of freezing
 h - a +1 whip of freezing
 p - a +0 flail of protection
 q - a +1 vorpal falchion
 t - a +1 vampiric dagger
 F - a +5 long sword of holy wrath (weapon)
Missiles
 c - 16 poisoned darts
 e - 8 boomerangs
 n - 3 throwing nets (quivered)
 A - 6 curare-tipped darts
Armour
 u - a +0 pair of boots (worn)
 D - +0 acid dragon scales
Jewellery
 i - a +4 ring of protection (left hand)
 m - an amulet of magic regeneration (around neck)
 r - a ring of magical power (right hand)
 z - an amulet of faith
Wands
 w - a wand of mindburst (20)
 x - a wand of iceblast (10)
 y - a wand of flame (25)
 G - a wand of polymorph (5)
 I - a wand of charming (5)
 K - a wand of acid (5)
 N - a wand of paralysis (5)
Scrolls
 f - a scroll of fog
 k - a scroll of brand weapon
 l - 3 scrolls of teleportation
 B - 3 scrolls of identify
 E - a scroll of holy word
 H - 2 scrolls of enchant armour
Potions
 b - 3 potions of lignification
 d - 5 potions of curing
 g - 2 potions of mutation
 j - 3 potions of attraction
 o - a potion of brilliance {unknown}
 s - 2 potions of invisibility
 v - a potion of haste {unknown}
 C - a potion of flight {unknown}
 M - a potion of ambrosia {unknown}


   Skills:
 - Level 1.7 Dodging
 - Level 1.7 Stealth
 - Level 10.6 Spellcasting
 + Level 14.7 Conjurations
 - Level 3.1 Hexes
 - Level 3.7 Translocations
 * Level 3.8 Ice Magic
 - Level 0.2 Evocations


You had 13 spell levels left.
You knew the following spells:

 Your Spells              Type           Power      Damage    Failure   Level
a - Magic Dart            Conj           100%       1d8       0%          1
b - Searing Ray           Conj           100%       2d8       1%          2
c - Dazzling Flash        Conj/Hex       100%       N/A       1%          3
d - Iskenderun's Mystic   Conj/Tloc      53%        2d11      1%          4
e - Fulminant Prism       Conj/Hex       26%        3d14      1%          4
f - Hailstorm             Conj/Ice       53%        3d12      1%          4

Your spell library contained the following spells:

 Spells                   Type           Power      Damage    Failure   Level
 Static Discharge         Conj/Air       46%        N/A       1%          2
 Portal Projectile        Hex/Tloc       56%        N/A       3%          3
 Confusing Touch          Hex            26%        N/A       4%          3
 Tukima's Dance           Hex            26%        N/A       4%          3
 Lightning Bolt           Conj/Air       23%        1d38      7%          5
 Ice Form                 Ice/Tmut       21%        N/A       24%         4
 Anguish                  Hex/Necr       9%         N/A       28%         4
 Starburst                Conj/Fire      23%        6d8       36%         6
 Yara's Violent Unravell  Hex/Tmut       9%         3d6       61%         5
 Blade Hands              Tmut           6%         N/A       83%         5
 Excruciating Wounds      Necr           6%         N/A       83%         5
 Simulacrum               Ice/Necr       10%        N/A       98%         6
 Enfeeble                 Hex            13%        N/A       100%        7
 Maxwell's Capacitive Co  Air            6%         ∞         100%        8


Dungeon Overview and Level Annotations

Branches:
Dungeon (12/15)            Temple (1/1) D:5            Lair (0/6) D:11
    Orc (0/2) D:10

Altars:
Ashenzari
Cheibriados
Dithmenos
Elyvilon
Fedhas
Gozag
Hepliaklqana
Kikubaaqudgha
Makhleb
Nemelex Xobeh
Okawaru
Qazlal
Ru
Sif Muna
Trog
Uskayaw
Vehumet
Wu Jian
Xom
Yredelemnul
Zin
The Shining One

Shops:
D:1 ?   D:6 :   D:8 (:[==   D:9 *

Annotations:
D:12 Azrael


Innate Abilities, Weirdness & Mutations

You can breathe waves of freezing cold which knock back foes.
Your icy white scales are hard. (AC +7)
You cannot fit into any form of body armour.
Your flesh is cold resistant. (rC+)
You are cold-blooded and may be slowed by cold attacks.


Message History

The fire elemental completely resists.
The bolt of fire hits you!
A fire elemental comes into view.
Casting: Iskenderun's Mystic Blast (dangerous; 1% risk of failure)
Confirm with . or Enter, or press ? or * to list all spells.
Casting: Hailstorm (dangerous; 1% risk of failure)
Press: ? - help, Dir - look around, f - activate
Okay, then.
Press: ? - help, v - describe, . - travel
Here: Azrael, wielding a +2 scimitar of flaming (flame)
The floor.
Casting: Hailstorm (dangerous; 1% risk of failure)
Confirm with . or Enter, or press ? or * to list all spells.
Okay, then.
Casting: Hailstorm (dangerous; 1% risk of failure)
Confirm with . or Enter, or press ? or * to list all spells.
Casting: Hailstorm (dangerous; 1% risk of failure)
Press: ? - help, Dir - look around, f - activate
Okay, then.
Casting: Hailstorm (dangerous; 1% risk of failure)
Confirm with . or Enter, or press ? or * to list all spells.
Casting: Hailstorm (dangerous; 1% risk of failure)
Press: ? - help, Dir - look around, f - activate A cannonade of hail descends around you!
The hail pelts Azrael!!
Azrael is frozen!
Azrael is moderately wounded.
The fire elemental barely misses you.
Unknown command.
Casting: Hailstorm (dangerous; 1% risk of failure)
Confirm with . or Enter, or press ? or * to list all spells.
Casting: Hailstorm (dangerous; 1% risk of failure)
Press: ? - help, Dir - look around, f - activate A cannonade of hail descends around you!
The hail pelts Azrael!!
Azrael is frozen!
Azrael is heavily wounded.
The fire elemental hits you. The fire elemental burns you!
Azrael gestures at you.
The bolt of fire hits the fire elemental.
The fire elemental completely resists.
The bolt of fire hits you!!!
Ouch! That really hurt!
You die...

#.#.## #....#### #.
#(#..###....# #####.
○....##.#..###.....
☼..........#..####
#E............####
#R#..##...........
#.##<.##...##..##. ##.
#E###.##...###..#. ####.. #@#
#.##...####... #..... #.#
#.###....###.. #....# ##.# #.#
#.##.....# #....####..#
#.###.##..##.. #....##...##
#.........###. ##....#..###
##..#..#...###
#.......########..##.###..##
#.....#........#...#...###...
#..######.#####....#..#..####.


You could see Azrael and 2 fire elementals.

Vanquished Creatures
  A centaur warrior (D:10)
  4 two-headed ogres
  Pikel (D:8)
  3 ugly things
  A cyclops (D:8)
  A manticore (D:11)
  Maggie (D:10)
  A komodo dragon (D:11)
  2 trolls
  2 shadows (D:12)
  A wyvern (D:8)
  Grum (D:8)
  4 yaks (D:7)
  5 vampire mosquitoes
  2 wargs (D:11)
  An acid dragon (D:9)
  2 hell hounds (D:12)
  2 water moccasins (D:6)
  2 sky beasts
  A hornet zombie (D:8)
  8 orc warriors
  2 ice beasts
  A necrophage (D:7)
  5 ogres
  2 wolves (D:8)
  A centaur (D:9)
  2 phantoms
  4 lemures (D:8)
  A kobold brigand (D:10)
  A wyvern zombie (D:8)
  6 bullfrogs
  A scorpion (D:4)
  A water moccasin zombie (D:5)
  A water moccasin skeleton (D:5)
  17 killer bees
  5 howler monkeys
  8 wights (D:8)
  2 centaur zombies
  2 bullfrog zombies
  2 jellies
  2 hounds (D:7)
  2 bullfrog skeletons
  8 orc priests
  2 centaur skeletons (D:7)
  A scorpion zombie (D:5)
  3 iguanas
  12 orc wizards
  A killer bee zombie (D:8)
  A hound zombie (D:4)
  2 howler monkey zombies (D:7)
  5 gnolls
  7 adders
  A worm (D:2)
  4 dart slugs
  53 orcs
  3 bats (D:1)
  6 endoplasms
  4 giant cockroaches
  9 goblins
  5 hobgoblins
  11 jackals
  10 ball pythons
  13 frilled lizards
  11 kobolds
  5 rats
291 creatures vanquished.

Vanquished Creatures (others)
  61 fulminant prisms
  2 fungi (D:10)
  5 plants
68 creatures vanquished.

Grand Total: 359 creatures vanquished

Notes
Turn   | Place    | Note
-------+----------+-------------------------------------------
     0 | D:1      | pesado the Draconian Conjurer began the quest for the Orb.
     0 | D:1      | Reached XP level 1. HP: 14/14 MP: 3/3
    30 | D:1      | Found Zeiphad's Magic Scroll Shop.
   251 | D:1      | Reached XP level 2. HP: 20/20 MP: 0/5
   303 | D:1      | Learned a level 2 spell: Searing Ray
  1049 | D:1      | Reached skill level 5 in Conjurations
  1233 | D:1      | Reached XP level 3. HP: 26/26 MP: 3/6
  1404 | D:1      | Bought a scroll of teleportation for 36 gold pieces
  1642 | D:3      | Reached XP level 4. HP: 33/33 MP: 2/7
  1647 | D:3      | Learned a level 3 spell: Dazzling Flash
  2092 | D:2      | Reached skill level 6 in Conjurations
  2351 | D:2      | Reached XP level 5. HP: 33/38 MP: 3/8
  2503 | D:2      | Found a hide-covered altar of Uskayaw.
  3655 | D:3      | Found a glowing golden altar of the Shining One.
  3969 | D:4      | Reached XP level 6. HP: 42/45 MP: 9/11
  4237 | D:4      | Learned a level 4 spell: Iskenderun's Mystic Blast
  4333 | D:4      | Found a bloodstained altar of Trog.
  4627 | D:4      | Your scales start taking on an icy white colour.
  4627 | D:4      | Reached XP level 7. HP: 24/50 MP: 6/13
  4627 | D:4      | Gained mutation: Your flesh is cold resistant. (rC+) [White
                  | Draconian growth]
  4824 | D:4      | Reached skill level 7 in Conjurations
  5222 | D:5      | Entered Level 5 of the Dungeon
  5307 | D:5      | Learned a level 4 spell: Fulminant Prism
  5340 | D:5      | Reached skill level 5 in Spellcasting
  5529 | D:5      | Reached skill level 8 in Conjurations
  5557 | D:5      | Reached skill level 1 in Translocations
  5557 | D:5      | Reached XP level 8. HP: 52/57 MP: 10/16
  5720 | D:5      | Found a staircase to the Ecumenical Temple.
  5812 | Temple   | Entered the Ecumenical Temple
  6181 | D:5      | Reached skill level 1 in Hexes
  6453 | D:6      | Found a basalt altar of Yredelemnul.
  6991 | D:6      | Found Acvaatus's Self-Improvement Boutique.
  6998 | D:6      | Reached skill level 9 in Conjurations
  7999 | D:7      | Reached skill level 10 in Conjurations
  8002 | D:7      | Reached XP level 9. HP: 62/62 MP: 9/17
  8330 | D:7      | Reached skill level 11 in Conjurations
  8660 | D:7      | Reached skill level 12 in Conjurations
  8894 | D:7      | Found an iron altar of Okawaru.
  9417 | D:8      | Noticed Grum
  9441 | D:8      | Killed Grum
  9449 | D:8      | Reached XP level 10. HP: 48/69 MP: 15/18
  9455 | D:8      | Reached skill level 13 in Conjurations
 10114 | D:8      | Found Nuzudo's Antique Armour Emporium.
 10237 | D:8      | Found Adod's Book Shop.
 10390 | D:8      | Noticed Pikel
 10401 | D:8      | Killed Pikel
 10427 | D:8      | Found Suasha's Antique Weapon Boutique.
 10510 | D:8      | Reached skill level 14 in Conjurations
 11142 | D:8      | Noticed a cyclops
 11157 | D:8      | Killed a cyclops
 11232 | D:8      | Found a burning altar of Makhleb.
 11258 | D:8      | Found Lehiene's Jewellery Shop.
 11322 | D:8      | Found Samun's Jewellery Shoppe.
 12012 | D:9      | Noticed a two-headed ogre
 12095 | D:8      | Killed a two-headed ogre
 12824 | D:9      | Found a shimmering blue altar of Sif Muna.
 12868 | D:9      | Became a worshipper of Sif Muna the Loreminder
 13122 | D:9      | Found Ixtuarev's General Store.
 13351 | D:10     | Entered Level 10 of the Dungeon
 13357 | D:10     | Found a radiant altar of Vehumet.
 13364 | D:10     | Noticed a red ugly thing
 13392 | D:10     | Killed a red ugly thing
 13393 | D:10     | Reached XP level 11. HP: 74/74 MP: 18/22
 13528 | D:10     | Noticed Maggie
 13542 | D:10     | Killed Maggie
 13606 | D:10     | Found an opulent altar of Gozag.
 13777 | D:10     | Noticed a centaur warrior
 13787 | D:10     | Killed a centaur warrior
 13820 | D:10     | Found a broken altar of Ashenzari.
 14100 | D:10     | Found a staircase to the Orcish Mines.
 14511 | D:11     | Noticed a brown ugly thing
 14518 | D:11     | Killed a brown ugly thing
 14521 | D:11     | Noticed a two-headed ogre
 14536 | D:11     | Killed a two-headed ogre
 14656 | D:11     | Found a staircase to the Lair.
 14667 | D:11     | Reached skill level 10 in Spellcasting
 15010 | D:11     | Identified the +2 pair of boots of Fidwoled {Contam rN+
                  | Str+2 Slay+2}
 15387 | D:11     | Noticed a two-headed ogre
 15403 | D:11     | Killed a two-headed ogre
 15917 | D:8      | Bought a book of the Tundra for 476 gold pieces
 15922 | D:8      | Learned a level 4 spell: Hailstorm
 16066 | D:12     | Reached * piety under Sif Muna
 16067 | D:12     | Noticed a two-headed ogre
 16073 | D:12     | Reached skill level 1 in Ice Magic
 16075 | D:12     | Killed a two-headed ogre
 16095 | D:12     | Noticed a red ugly thing
 16467 | D:12     | Killed a red ugly thing
 16517 | D:12     | Noticed Azrael
 16522 | D:12     | Killed from afar by Azrael

Illustrated notes

Levels and vault maps discovered:
D:1:      lemuel_arrival_funnel, layout_loops_corners, serial_shops,
          nicolae_shop_stone, minmay_3d_cube
D:2:      cheibrodos_helix_gallery, layout_rooms, basic_altar,
          hangedman_decor_riveting
D:3:      layout_rooms, general_overflow_altar, minmay_lizard_king
D:4:      layout_loops_corners, trog_book
D:5:      layout_loops_cross, temple_doors_e
D:6:      layout_basic, nicolae_overflow_crystal_walls, nicolae_shop_self_help
D:7:      layout_layer_cave, okawaru_trees_2, minmay_misc_feat_plants,
          minmay_increasing_density
D:8:      layout_layer_cave, mainiacjoe_overflow_catwalk, serial_shops,
          nicolae_shop_advertising_works [nicolae_subvault_shop_adworks],
          kennysheep_mini, shop, nicolae_shop_stone, shop, nicolae_sextant,
          kennysheep_generic_room_15, uniq_pikel, uniq_grum
D:9:      layout_cave_pools, lemuel_blue_sif_altar, serial_shops, shop
D:10:     layout_roguey, nicolae_gozag_seed_capital, nicolae_ashenzari_skybound,
          mainiacjoe_overflow_boulevard, orc_0_dummy, uniq_maggie
D:11:     layout_loops_cross, erik_lair_orcish_takeover
D:12:     layout_rooms, uniq_azrael
Temple:   cyrus_circular_temple

Skill      XL: |  1  2  3  4  5  6  7  8  9 10 11 |
---------------+----------------------------------+-----
Conjurations   | 5 6 8 10 12 14 | 14.7
Spellcasting   | 3 4 5 7 10 | 10.6
Translocations | 1 3 |  3.7
Hexes          | 1 2 3 |  3.1
Ice Magic      | 3 |  3.8
Dodging        | |  1.7
Stealth        | |  1.7
Evocations     | |  0.2

Action                   |  1- 3 |  4- 6 |  7- 9 | 10-12 || total
-------------------------+-------+-------+-------+-------++-------
Melee: Unarmed           |     8 |       |       |       ||     8
       Dagger            |    45 |    55 |       |       ||   100
       Tailslap          |     7 |     8 |    21 |     8 ||    44
       Falchion          |       |    21 |   142 |    42 ||   205
       Punch             |       |       |     1 |     1 ||     2
       Long sword        |       |       |       |    14 ||    14
 Cast: Magic Dart        |    38 |    88 |    87 |    90 ||   303
       Searing Ray       |       |    11 |    32 |    43 ||    86
       Dazzling Flash    |       |     3 |     3 |     3 ||     9
       Iskenderun's Myst |       |       |    18 |    47 ||    65
       Fulminant Prism   |       |       |    14 |    47 ||    61
       Hailstorm         |       |       |       |    10 ||    10
 Abil: Breathe Frost     |       |       |     2 |     6 ||     8
Evoke: Wand              |       |       |       |     2 ||     2
  Use: Scroll            |     6 |     6 |     4 |     4 ||    20
       Potion            |       |       |     1 |     1 ||     2
 Stab: Sleeping          |       |       |     1 |       ||     1
Armor: Skin              |    20 |    40 |   120 |    72 ||   252
Dodge: Dodged            |    50 |    64 |   142 |   141 ||   397
